Match 27713723
Unlisted

Match 27713723
End
Construct Section Command Post
Vickers Machine Gun Team
Infantry Section
Infantry Section
Grenade Package
ML 3-inch Mortar Team
Construct Field Infirmary
Selects Air and Sea Battlegroup
Selects Commando Section Paradrop
Vickers Machine Gun Team
Commando Section Paradrop
Commando Section Paradrop
Construct Platoon Command Post
Selects Naval Blockade
6-pounder Anti-tank Gun Team
Selects M1 Pack Howitzer Paradrop
6-pounder Anti-tank Gun Team
Selects Anti-tank Rocket Loiter
Lakina
Fonzi
Hazsart
EOSR
my worst self
mcq_knight
daShark 6
Trollak
0
0

Comments sign in to comment!

No comments posted yet!